 Dungeon Crawl Stone Soup version 0.19.0-9-gfd783f2 (webtiles) character file.

1064 Enzo the Slasher (level 8, 0/48 HPs)
             Began as a Deep Elf Fighter on Nov 7, 2016.
             Was a Follower of Okawaru.
             Slain by a black bear (9 damage)
             ... on level 6 of the Dungeon.
             The game lasted 00:36:35 (7879 turns).

Enzo the Slasher (Deep Elf Fighter)                 Turns: 7879, Time: 00:36:35

Health: 0/48       AC: 13    Str: 21    XL:     8   Next: 6%
Magic:  10/10      EV:  5    Int: 14    God:    Okawaru [*.....]
Gold:   267        SH: 10    Dex: 14    Spells: 0 memorised, 7 levels left

rFire  . . .     SeeInvis .     a - +0 long sword
rCold  . . .     Gourm    .     b - +0 plate armour
rNeg   . . .     Faith    .     c - +0 shield
rPois  .         Spirit   .     (no helmet)
rElec  .         Reflect  .     (no cloak)
rCorr  .         Harm     .     t - +0 pair of gloves (curse)
MR     .....                    (no boots)
Stlth  ..........               (no amulet)
                                u - +6 ring of strength
                                l - ring of stealth

@: hasted, very quick
A: no striking features
a: Heroism, Renounce Religion


You were on level 6 of the Dungeon.
You worshipped Okawaru.
Okawaru was aware of your devotion.
You were not hungry.

You visited 2 branches of the dungeon, and saw 7 of its levels.
You also visited: Sewer.

You collected 267 gold pieces.

Inventory:

Hand Weapons
 a - a +0 long sword (weapon)
 y - a +0 falchion
 C - the +6 mace of Doom {freeze, *Corrode rC++ Dex+3 SInv, unknown}
   (You found it on level 5 of the Dungeon)

   It has been specially enchanted to freeze those struck by it, causing extra
   injury to most foes and up to half again as much damage against particularly
   susceptible opponents.
   It can also slow down cold-blooded creatures.
   It affects your dexterity (+3).
   It greatly protects you from cold.
   It lets you see invisible.
   It may corrode you when you take damage.
Missiles
 w - 4 javelins (quivered)
Armour
 b - a +0 plate armour (worn)
 c - a +0 shield (worn)
 t - a cursed +0 pair of gloves (worn)
Jewellery
 l - a ring of stealth (left hand)
 u - a +6 ring of strength (right hand)
Wands
 x - a wand of lightning (9/15)
Scrolls
 d - a scroll of amnesia {unknown}
 i - a scroll of blinking {unknown}
 m - 4 scrolls of identify
 n - a scroll of fear {unknown}
 o - 2 scrolls of magic mapping
 q - a scroll of enchant armour {unknown}
 r - 2 scrolls of remove curse {unknown}
 v - 2 scrolls of teleportation {unknown}
 z - a scroll of random uselessness {unknown}
Potions
 e - 2 potions of heal wounds {unknown}
 g - 2 potions of flight {unknown}
 h - 2 potions of curing {unknown}
 j - a potion of mutation {unknown}
 p - a potion of brilliance {unknown}
 s - a potion of cure mutation {unknown}
 A - a potion of ambrosia {unknown}
Comestibles
 f - 2 bread rations
 B - 2 meat rations


   Skills:
 + Level 3.9 Fighting
 + Level 5.2 Long Blades
 + Level 0.6 Throwing
 + Level 4.4 Armour
 + Level 2.0 Dodging
 + Level 1.5 Stealth
 + Level 4.2 Shields


You had 7 spell levels left.
You didn't know any spells.

Dungeon Overview and Level Annotations

Branches:
Dungeon (6/15)             Temple (1/1) D:4

Altars:
Dithmenos
Makhleb
Okawaru
The Shining One


Message History

The black bear is almost dead.
The black bear bites you but does no damage.
The black bear barely misses you.
The black bear claws you but does no damage.
The black bear bites you.
* * * LOW HITPOINT WARNING * * *
You block the black bear's attack. The black bear barely misses you.
The orc loudly shouts encouragement to no one in particular.
Your shield and plate armour prevent you from hitting the black bear.
The black bear is almost dead.
You block the black bear's attack. The black bear barely misses you.
You block the black bear's attack. The black bear barely misses you.
You riposte.
Your shield and plate armour prevent you from hitting the black bear.
The black bear is almost dead.
The black bear claws you but does no damage.
The black bear claws you.
* * * LOW HITPOINT WARNING * * *
You feel yourself speed up. The black bear bites you!
You die...

#### .....
......###########################
.....o'....ooooh@..............>.
..(...###.#.##################.##
(..o. #.#.#................#...
#... #.#.# ##.....#######.#..#
#.. #.#.# #................. #o
#.#.# #......######.#### # #.#.#
#......#<...#..... #.#.#
##......##...######
#.#....................


You could see an orc warrior, a black bear (berserk) and 3 orcs.

Vanquished Creatures
  Menkaure (D:5)
  Purgy (Sewer)
  A centaur (D:5)
  4 crimson imps
  A centaur zombie (D:5)
  A quasit (D:4)
  A bullfrog zombie (D:5)
  A bullfrog skeleton (D:5)
  2 iguanas
  An orc wizard (D:5)
  4 worker ants
  2 hound skeletons
  5 gnolls
  2 river rats (D:5)
  8 adders
  An adder skeleton (D:5)
  An adder zombie (D:5)
  5 worms
  4 dart slugs
  13 leopard geckos
  6 orcs
  15 bats
  9 giant cockroaches
  9 goblins
  5 hobgoblins
  12 jackals
  9 kobolds
  5 quokkas
  3 frilled lizards
  A leopard gecko skeleton (D:5)
  10 rats
143 creatures vanquished.

Vanquished Creatures (others)
  An orc (D:5)
1 creature vanquished.

Grand Total: 144 creatures vanquished

Notes
Turn   | Place    | Note
-------+----------+-------------------------------------------
     0 | D:1      | Enzo the Deep Elf Fighter began the quest for the Orb.
     0 | D:1      | Reached XP level 1. HP: 13/13 MP: 3/3
   268 | D:1      | Reached XP level 2. HP: 8/18 MP: 4/4
   635 | D:1      | Reached skill level 2 in Long Blades
   959 | D:1      | Reached XP level 3. HP: 19/22 MP: 5/5
  1612 | D:2      | Reached XP level 4. HP: 25/27 MP: 6/6
  2476 | D:2      | Reached skill level 1 in Dodging
  2695 | D:2      | Reached XP level 5. HP: 28/32 MP: 7/7
  3547 | D:3      | Reached skill level 3 in Long Blades
  3678 | D:3      | Reached skill level 1 in Stealth
  4782 | D:4      | Reached XP level 6. HP: 29/37 MP: 8/8
  5160 | D:4      | Found a staircase to the Ecumenical Temple.
  5169 | Temple   | Entered the Ecumenical Temple
  5210 | Temple   | Became a worshipper of Warmaster Okawaru
  5563 | D:5      | Entered Level 5 of the Dungeon
  5816 | D:5      | Found a glowing drain.
  5820 | Sewer    | Entered a sewer
  6027 | Sewer    | Noticed Purgy
  6049 | Sewer    | Killed Purgy
  6049 | Sewer    | Reached XP level 7. HP: 35/41 MP: 9/9
  6323 | D:5      | Reached skill level 4 in Long Blades
  6479 | D:5      | Reached * piety under Okawaru
  6491 | D:5      | Noticed Menkaure
  6537 | D:5      | Killed Menkaure
  6920 | D:5      | Reached skill level 5 in Long Blades
  7102 | D:5      | Got a crude mace
  7244 | D:5      | Reached XP level 8. HP: 10/48 MP: 10/10
  7879 | D:6      | Slain by a black bear

Skill      XL: |  1  2  3  4  5  6  7 |
---------------+----------------------+-----
Long Blades    | 2 3 5 |  5.2
Armour         | 3 4 |  4.4
Dodging        | 1 2 |  2.0
Shields        | 3 4 |  4.2
Fighting       | 3 |  3.9
Stealth        | 1 |  1.5
Throwing       | |  0.6

Action                   |  1- 3 |  4- 6 |  7- 9 || total
-------------------------+-------+-------+-------++-------
Melee: Long sword        |   156 |   466 |   160 ||   782
Throw: Javelin           |       |     2 |     3 ||     5
Invok: Heroism           |       |       |     1 ||     1
  Use: Scroll            |     2 |     2 |       ||     4
       Potion            |       |     2 |     3 ||     5
 Stab: Distracted        |       |     1 |       ||     1
  Eat: Chunk             |     3 |    13 |     3 ||    19
       Beef jerky        |       |     1 |       ||     1
       Bread ration      |       |       |     1 ||     1
Armor: Scale mail        |    59 |    37 |       ||    96
       Chain mail        |       |   133 |       ||   133
       Plate armour      |       |   148 |   101 ||   249
Dodge: Dodged            |    51 |    96 |    30 ||   177
Block: Shield            |    75 |   263 |    76 ||   414
       Rpst.: Long sword |    20 |    28 |     8 ||    56
